 Seeded DCSS version 0.30-a0-881-g1ff12e1e11 (webtiles) character file.

Game seed: 5052877042660457288 (custom seed)

81 bmack86 the Shield-Bearer (level 4, -4/41 HPs)
             Began as a Minotaur Fighter on Mar 14, 2023.
             Slain by a gnoll
             ... wielding a +0 flail
              (6 damage)
             ... on level 3 of the Dungeon.
             The game lasted 00:02:46 (1053 turns).

bmack86 the Shield-Bearer (Minotaur Fighter)        Turns: 1053, Time: 00:02:46

Health: -4/41      AC:  9    Str: 22    XL:     4   Next: 19%
Magic:  3/3        EV:  5    Int:  5    God:
Gold:   73         SH:  0    Dex: 10    Spells: 3/3 levels left

rFire   . . .      SeeInvis .    a - +0 war axe
rCold   . . .      Faith    .    c - +0 buckler
rNeg    . . .      Spirit   .    b - +0 scale mail
rPois   .          Reflect  .    (helmet restricted)
rElec   .          Rampage  .    k - +0 cloak
rCorr   .                        m - +0 pair of gloves
Will    .....                    (no boots) Stlth
                                 (no amulet)
HPRegen 0.26/turn                (no ring)
MPRegen 0.08/turn                (no ring)

@: mighty, held
A: horns 2, retaliatory headbutt
a: no special abilities


You were on level 3 of the Dungeon.
You visited 1 branch of the dungeon, and saw 3 of its levels.

You collected 73 gold pieces.

Inventory:

Hand Weapons
 a - a +0 war axe (weapon)
Missiles
 r - 7 poisoned darts
Armour
 b - a +0 scale mail (worn)
 c - a +0 buckler (worn)
 e - a +0 tower shield
 k - a +0 cloak (worn)
 m - a +0 pair of gloves (worn)
Jewellery
 g - a ring of wizardry
Wands
 o - a wand of flame (14) (quivered)
Scrolls
 f - a scroll of blinking {unknown}
 h - 3 scrolls of noise {unknown}
 j - a scroll of teleportation {unknown}
 p - a scroll of immolation {unknown}
Potions
 d - a potion of might
 i - a potion of haste {unknown}
 l - 2 potions of curing {unknown}
 n - a potion of magic {unknown}
 q - a potion of flight {unknown}


   Skills:
 + Level 4.3 Fighting
 + Level 3.4 Axes
 + Level 4.2 Armour
 + Level 4.3 Shields
 + Level 0.4 Evocations


You had 3 spell levels left.
You didn't know any spells.
Your spell library was empty.

Dungeon Overview and Level Annotations

Branches:
Dungeon (3/15)

Altars:
Makhleb


Innate Abilities, Weirdness & Mutations

You have a pair of horns on your head.
You reflexively headbutt those who attack you in melee.


Message History

A gnoll comes into view. It is wielding a +0 flail.
You barely miss the gnoll.
The gnoll shouts! x2
You headbutt the gnoll.
You kill the gnoll!
You feel sick.
You are no longer poisoned.
You have reached level 4!
You feel agile.
The puff of flame misses the gnoll.
The puff of flame hits the gnoll.
The gnoll is moderately wounded.
The puff of flame hits the gnoll.
The gnoll is moderately wounded.
The puff of flame hits the gnoll!
The gnoll is almost dead.
The puff of flame hits the gnoll.
You kill the gnoll!
The puff of flame hits the gnoll.
The gnoll is severely wounded.
The gnoll barely misses you.
You closely miss the gnoll. You headbutt the gnoll!
The gnoll is heavily wounded.
The gnoll hits you with a +0 flail. You block the gnoll's attack.
The gnoll hits you with a +0 flail.
The gnoll hits you from afar with a +0 spear!
You completely miss the gnoll.
The gnoll is heavily wounded.
The gnoll hits you with a +0 flail!
* * * LOW HITPOINT WARNING * * *
The gnoll barely misses you.
You feel very mighty all of a sudden. The gnoll hits you with a +0 flail.
* * * LOW HITPOINT WARNING * * *
The gnoll throws a throwing net.
The throwing net hits you.
You become entangled in the net!
You tear a large gash into the net.
The gnoll hits you but does no damage.
The gnoll hits you from afar with a +0 spear.
* * * LOW HITPOINT WARNING * * *
You struggle against the net.
The gnoll hits you with a +0 flail.
You die...

........#.............#
###.....#.........###.##
........#.........# #..###
##.....)#.........# ##<...
#.##...†...........##....
###)...#..>.......#....
#.##...g_............#####
........)g#...........#
......^...@.........)#.#
#.#......#..#####.####
.........#..# ..
(........#...#
.........#.$.#
............#
..$..........
........≈...##


You could see 2 gnolls.

Vanquished Creatures
  2 gnolls (D:3)
  3 adders
  A worm (D:2)
  2 dart slugs (D:1)
  3 endoplasms
  3 goblins
  A hobgoblin (D:2)
  3 jackals (D:2)
  2 quokkas
  A ball python (D:2)
  4 bats
  3 kobolds
  3 rats
31 creatures vanquished.

Notes
Turn   | Place    | Note
-------+----------+-------------------------------------------
     0 | D:1      | bmack86 the Minotaur Fighter began the quest for the Orb.
     0 | D:1      | Reached XP level 1. HP: 19/19 MP: 0/0
   286 | D:1      | Reached XP level 2. HP: 24/27 MP: 1/1
   648 | D:2      | Found a faded altar of an unknown god.
   692 | D:2      | Reached XP level 3. HP: 33/33 MP: 2/2
  1003 | D:3      | Found a burning altar of Makhleb.
  1044 | D:3      | Reached XP level 4. HP: 29/40 MP: 3/3
  1052 | D:3      | HP: 1/41 [gnoll/+0 spear (5)]
  1053 | D:3      | Slain by a gnoll

Illustrated notes

Levels and vault maps discovered:
D:1:      scummos_arrival_simple_fountains, layout_rooms,
          palyth_stone_intersect, hangedman_decor_points
D:2:      layout_rooms, shapermc_ecumenical_altar_venn
D:3:      layout_rooms, nicolae_qazlal_general_emergency,
          mainiacjoe_overflow_boulevard, grunt_ministairs_5, item_on_display_a

Skill      XL: |  1  2 |
---------------+-------+-----
Fighting       | 4 |  4.3
Axes           | 3 |  3.4
Armour         | 4 |  4.2
Shields        | 4 |  4.3
Evocations     | |  0.4

Action                     |  1- 3 |  4- 6 || total
---------------------------+-------+-------++-------
  Melee: War axe           |    69 |     2 ||    71
         Headbutt          |    13 |     1 ||    14
  Evoke: Wand              |     2 |     5 ||     7
    Use: Potion            |       |     1 ||     1
 Armour: Scale mail        |    44 |     1 ||    45
  Dodge: Dodged            |    36 |     2 ||    38
  Block: Buckler           |    24 |     1 ||    25

Table legend: (Time is in decaauts)
 A = Elapsed time spent in this place.
 B = Non-inter-level travel time spent in this place.
 C = Inter-level travel time spent in this place.
 D = Time resting spent in this place.
 E = Time spent auto-exploring this place.
 F = Levels seen in this place.
 G = Mean time per level.
                   A        B        C        D        E       F      G
               +--------+--------+--------+--------+--------+-----+--------+
         Total |   1080 |   1042 |     38 |      0 |    689 |   3 |  360.0 |
       Dungeon |   1080 |   1042 |     38 |      0 |    689 |   3 |  360.0 |
               +--------+--------+--------+--------+--------+-----+--------+

Top non-repeatable levels by time:
     D:1: 578 daAuts
     D:2: 428 daAuts
     D:3: 73 daAuts
